 Dungeon Crawl Stone Soup version 0.29.1-1-gd02db6906a (webtiles) character file.

Game seed: 4983002157059948211

8 LustLizard the Trooper (level 2, 16/24 HPs)
             Began as a Demonspawn Fighter on Oct 5, 2022.
             Quit the game on level 1 of the Dungeon.
             The game lasted 00:00:55 (185 turns).

LustLizard the Trooper (Demonspawn Fighter)          Turns: 185, Time: 00:00:56

Health: 16/24      AC:  6    Str: 16    XL:     2   Next: 0%
Magic:  2/2        EV:  8    Int:  9    God:
Gold:   0          SH:  4    Dex: 12    Spells: 1/1 levels left

rFire   . . .      SeeInvis .   a - +0 long sword
rCold   . . .      Faith    .   c - +0 buckler
rNeg    . . .      Spirit   .   b - +0 scale mail
rPois   .          Reflect  .   (no helmet)
rElec   .          Harm     .   (no cloak)
rCorr   .          Rampage  .   (no gloves)
Will    .....                   (no boots)
Stlth   ..........              (no amulet)
HPRegen 0.08/turn               (no ring)
MPRegen 0.08/turn               (no ring)

@: no status effects
A: claws 1
a: no special abilities


You were on level 1 of the Dungeon.
You visited 1 branch of the dungeon, and saw 1 of its levels.

Inventory:

Hand Weapons
 a - a +0 long sword (weapon)
Missiles
 e - 7 stones (quivered)
Armour
 b - a +0 scale mail (worn)
 c - a +0 buckler (worn)
Potions
 d - a potion of might
 f - a potion of curing {unknown}


   Skills:
 + Level 3.0 Fighting
 * Level 2.0 Long Blades
 * Level 0.6 Throwing
 - Level 2.6 Armour
 + Level 0.3 Dodging
 - Level 2.6 Shields


You had one spell level left.
You didn't know any spells.
Your spell library was empty.

Dungeon Overview and Level Annotations

Branches:
Dungeon (1/15)

Altars:


Innate Abilities, Weirdness & Mutations

You have sharp fingernails.


Message History

f - a fizzy amethyst potion
Found 8 gold pieces.
A hobgoblin comes into view.
The hobgoblin shouts!
A dart slug comes into view.
You hit the hobgoblin.
The hobgoblin is severely wounded.
The hobgoblin hits you. The hobgoblin closely misses you.
You barely miss the hobgoblin.
The hobgoblin is severely wounded.
The hobgoblin closely misses you.
You hit the hobgoblin.
You kill the hobgoblin!
Your Long Blades skill increases to level 2!
You hit the dart slug.
The dart slug is heavily wounded.
The dart slug barely misses you.
You completely miss the dart slug.
The dart slug is heavily wounded.
The dart slug bites you but does no damage.
You hit the dart slug.
The dart slug is severely wounded.
The dart slug closely misses you.
You hit the dart slug but do no damage.
The dart slug is severely wounded.
The dart slug launches a dart at you. The slug dart hits you.
You hit the dart slug but do no damage.
The dart slug is severely wounded.
The dart slug launches a dart at you. The slug dart misses you.
You barely miss the dart slug.
The dart slug is severely wounded.
The dart slug bites you but does no damage.
You hit the dart slug.
You kill the dart slug!
You have reached level 2!
Your demonic ancestry asserts itself...
Your fingernails lengthen.
Are you sure you want to abandon this character and quit the game? (Confirm with "yes".)

..# #.# # #.# #.### #
#.# #... # #.# #..# #
#.# #..## # #
#.####.###...##.## #
#............[...# #
#######.#####.##$....
####...# #†# #@# ###
.......###.# #†#
...........# #.#
#####.####.# #.. #...
.... ..# ######.###
#.# ... ... ### ###


There were no monsters in sight!

Vanquished Creatures
  A dart slug (D:1)
  An endoplasm (D:1)
  2 hobgoblins (D:1)
  A frilled lizard (D:1)
  A kobold (D:1)
6 creatures vanquished.

Notes
Turn   | Place    | Note
-------+----------+-------------------------------------------
     0 | D:1      | LustLizard the Demonspawn Fighter began the quest for the
                  | Orb.
     0 | D:1      | Reached XP level 1. HP: 18/18 MP: 1/1
   185 | D:1      | Gained mutation: You have sharp fingernails. [demonic
                  | ancestry]
   185 | D:1      | Reached XP level 2. HP: 16/24 MP: 2/2
   185 | D:1      | Quit the game

Illustrated notes

Levels and vault maps discovered:
D:1:      beargit_arrival_diablo_church, layout_loops_ring,
          shapermc_ecumenical_altar_petra, minmay_pentomino_o2

Skill      XL: |  1 |
---------------+----+-----
Long Blades    | 2 |  2.0
Fighting       | |  3.0
Throwing       | |  0.6
Armour         | |  2.6
Dodging        | |  0.3
Shields        | |  2.6

Action                   || total
-------------------------++-------
Melee: Long sword        ||    26
Armor: Scale mail        ||     7
Dodge: Dodged            ||    10
Block: Buckler           ||     2
